 Dungeon Sprint DCSS version 0.22-a0-480-g991dd4b (webtiles) character file.

25911 raistware the Shatterer (level 13, -1/145 HPs)
             Began as an Ogre Fighter on June 16, 2018.
             Was the Champion of the Shining One.
             Hit by a large rock thrown by a stone giant (30 damage)
             ... in the Dungeon (Sprint IX: "|||||||||||||||||||||||||||||").
             The game lasted 00:31:13 (2986 turns).

raistware the Shatterer (Ogre Fighter)              Turns: 2986, Time: 00:31:14

Health: -1/145     AC:  1    Str: 37    XL:     13   Next: 22%
Magic:  20/20      EV: 14    Int:  9    God:    the Shining One [******]
Gold:   1345       SH: 12    Dex:  8    Spells: 12/12 levels left

rFire    . . .     SeeInvis +   x - +0 mace of Greed {elec, *Drain rN+ Str+7 SInv}
rCold    + . .     Gourm    .   c - +0 shield
rNeg     + + +     Faith    .   (armour restricted)
rPois    .         Spirit   .   (helmet restricted)
rElec    .         Reflect  .   (no cloak)
rCorr    .         Harm     .   (gloves unavailable)
MR       +....     NoTele   +   (boots unavailable)
Stlth    +.........             (no amulet)
HPRegen  0.34/turn              z - ring of protection from cold
MPRegen  0.17/turn              p - +3 ring of strength

@: glowing
A: large, unfitting armour, tough skin 1
a: Divine Shield, Cleansing Flame, Summon Divine Warrior, Brand Weapon With Holy
Wrath, Renounce Religion


You were in the Dungeon.
You worshipped the Shining One.
The Shining One was exalted by your worship.
You were not hungry.

You visited 1 branch You collected 1909 gold pieces.
You spent 564 gold pieces at shops.

Inventory:

Hand Weapons
 g - a +0 eveningstar of holy wrath
 o - a +2 morningstar of protection
 q - a +5 giant spiked club
 x - the +0 mace of Greed (weapon) {elec, *Drain rN+ Str+7 SInv}
   (You found it in the Dungeon)

   Occasionally, upon striking a foe, it will discharge some electrical energy
   and cause terrible harm.
   It affects your strength (+7).
   It protects you from negative energy.
   It lets you see invisible.
   It causes draining when unequipped.
 C - a +5 flail of protection
Armour
 c - a +0 shield (worn)
 h - a +2 robe of cold resistance
 r - the +0 robe of Misanthropy {Str+4}
   (You found it in the Dungeon)

   It affects your strength (+4).
 w - a +0 troll leather armour
 F - +1 fire dragon scales
Jewellery
 a - a +3 ring of intelligence
 p - a +3 ring of strength (right hand)
 v - an uncursed ring of fire
 y - an uncursed ring of see invisible
 z - a ring of protection from cold (left hand)
 B - an uncursed ring of protection from fire
Wands
 n - a wand of iceblast (8)
 t - a wand of polymorph (19)
Scrolls
 b - 2 scrolls of enchant armour
 j - 3 scrolls of remove curse
 k - 3 scrolls of blinking
 m - 3 scrolls of amnesia
 s - 6 scrolls of fear
 u - a scroll of immolation
Potions
 d - a potion of might
 e - 5 potions of curing
 i - 3 potions of magic
 l - 4 potions of agility
 D - a potion of heal wounds
 E - 2 potions of brilliance
Comestibles
 f - 11 rations
 A - 13 chunks of flesh


   Skills:
 + Level 13.8 Fighting
 - Level 22.0 Maces & Flails
 + Level 7.2 Armour
 + Level 11.8 Dodging
 - Level 9.0 Shields
 + Level 10.3 Invocations


You had 12 spell levels left.
You didn't know any spells.
Your spell library was empty.

Dungeon Overview and Level Annotations

Branches:
Dungeon (1/1)

Altars:
Cheibriados
Dithmenos
Elyvilon
Fedhas
Gozag
Hepliaklqana
Kikubaaqudgha
Makhleb
Nemelex Xobeh
Okawaru
Qazlal
Ru
Sif Muna
Trog
Uskayaw
Vehumet
Wu Jian
Xom
Yredelemnul
Zin
The Shining One
Beogh
Jiyva
Lugonu

Shops:
D *%?*


Innate Abilities, Weirdness & Mutations

You are too large for most types of armour.
You have tough skin. (AC +1)


Message History

The deep troll earth mage completely misses your angel.
Your angel hits the deep troll earth mage with a whip of holy wrath!
Your angel hits the deep troll earth mage with a whip of holy wrath.
You finish taking off your +1 fire dragon scales.
Wear which item? (? for menu, Esc to quit)
Your angel hits the deep troll earth mage with a whip of holy wrath!!
The deep troll earth mage dies!
The stone giant throws a large rock.
The large rock completely misses your angel.
Keep equipping yourself?
The large rock hits you!
* * * LOW HITPOINT WARNING * * *
You start putting on your armour.
You continue putting on your +0 troll leather armour.
Your angel hits the stone giant but does no damage.
Your angel hits the stone giant with a whip of holy wrath.
The stone giant throws a large rock.
The large rock barely misses your angel.
The large rock hits you!!
You die...

)..))))).....'.........▓
▓▓▓▓▓▓▓▓▓▓▓▓▓▓▓▓▓▓▓▓▓▓▓▓
.......................▓
♣♣♣♣♣♣♣♣▓▓▓▓▓▓▓▓▓▓▓▓▓▓.▓
.....†.†...............▓
♣♣♣♣♣♣♣♣▓▓▓▓▓▓▓▓▓▓▓▓▓▓▓▓
...................)A..▓
▓▓▓▓▓▓▓▓▓▓▓▓▓▓▓▓▓▓▓▓▓▓)▓
iD..OO...cCA....@....).▓
▓▓▓▓▓▓▓▓▓▓▓▓▓▓▓▓▓▓▓▓▓▓▓▓


You could see a stone giant, a yaktaur and a friendly angel.

Vanquished Creatures
  A stone giant (D)
  Erica (D)
  Urug (D)
  A wizard (D)
  A necromancer (D)
  Psyche (D)
  3 spiny frogs (D)
  A komodo dragon (D)
  A jumping spider (D)
  A polar bear (D)
  2 hippogriffs (D)
  A wyvern (D)
  4 yaks (D)
  A hungry ghost (D)
  Grum (D)
  2 water moccasins (D)
  An orc warrior (D)
  A necrophage (D)
  An ogre (D)
  5 wolves (D)
  3 crocodiles (D)
  2 bullfrogs (D)
  A scorpion (D)
  A howler monkey (D)
  A hound (D)
  An orc priest (D)
  3 orc wizards (D)
  An iguana (D)
  A worker ant (D)
  2 adders (D)
  An adder zombie (D)
  An adder skeleton (D)
  An orc (D)
  A giant cockroach (D)
  A goblin (D)
  A hobgoblin (D)
  A quokka (D)
  2 bats (D)
  A quokka zombie (D)
57 creatures vanquished.

Vanquished Creatures (collateral kills)
  A nagaraja (D)
  A shadow dragon (D)
  A frost giant (D)
  An emperor scorpion (D)
  A stone giant (D)
  Nessos (D)
  A merfolk impaler (D)
  A merfolk javelineer (D)
  A fire dragon (D)
  2 ettins (D)
  2 ice dragons (D)
  A hydra (D)
  An ogre mage (D)
  An anaconda (D)
  2 two-headed ogres (D)
  An alligator (D)
  2 deep troll earth magi (D)
  6 orc high priests (D)
  A spriggan berserker (D)
  A salamander mystic (D)
  A sea snake (D)
  A glowing orange brain (D)
  2 naga ritualists (D)
  A harpy (D)
  2 orc knights (D)
  A mana viper (D)
  2 orc sorcerers (D)
  A wolf spider (D)
  A cyclops (D)
  2 naga magi (D)
  A black mamba (D)
  A merfolk siren (D)
  Joseph (D)
  4 spiny frogs (D)
  A freezing wraith (D)
  2 yaktaurs (D)
  3 demonic crawlers (D)
  A jumping spider (D)
  5 tyrant leeches (D)
  A hippogriff (D)
  3 bog bodies (D)
  2 snapping turtles (D)
  2 tarantellas (D)
  A vampire mosquito (D)
  An insubstantial wisp (D)
  8 orc warriors (D)
  2 bullfrogs (D)
  10 orc priests (D)
  5 orcs (D)
97 creatures vanquished.

Vanquished Creatures (others)
  An ogre mage (D)
  A tengu conjurer (D)
  A water moccasin (shapeshifter) (D)
3 creatures vanquished.

Grand Total: 157 creatures vanquished

Notes
Turn   | Place    | Note
-------+----------+-------------------------------------------
     0 | D        | raistware the Ogre Fighter began the quest for the Orb.
     0 | D        | Reached XP level 1. HP: 24/24 MP: 1/1
     9 | D        | Reached skill level 2 in Maces & Flails
    14 | D        | Reached skill level 3 in Maces & Flails
    30 | D        | Noticed an iguana
    30 | D        | Noticed a howler monkey
    30 | D        | Noticed an orc wizard
    38 | D        | Killed an orc wizard
    38 | D        | Reached skill level 6 in Maces & Flails
    38 | D        | Reached XP level 2. HP: 26/32 MP: 2/2
    38 | D        | Reached XP level 3. HP: 31/39 MP: 3/3
    42 | D        | Reached skill level 7 in Maces & Flails
    42 | D        | Reached XP level 4. HP: 37/48 MP: 4/4
    47 | D        | Reached skill level 8 in Maces & Flails
    62 | D        | Found a roughly hewn altar of Beogh.
    62 | D        | Found a snail-covered altar of Cheibriados.
    62 | D        | Found a shadowy altar of Dithmenos.
    62 | D        | Found a white marble altar of Elyvilon.
    62 | D        | Found a blossoming altar of Fedhas.
    62 | D        | Found an opulent altar of Gozag.
    63 | D        | Found a hazy altar of Hepliaklqana.
    64 | D        | Found a viscous altar of Jiyva.
    65 | D        | Found an ancient bone altar of Kikubaaqudgha.
    66 | D        | Found a corrupted altar of Lugonu.
    67 | D        | Found a burning altar of Makhleb.
    68 | D        | Found a sparkling altar of Nemelex Xobeh.
    69 | D        | Found an iron altar of Okawaru.
    70 | D        | Found a stormy altar of Qazlal.
    71 | D        | Found a sacrificial altar of Ru.
    72 | D        | Found a deep blue altar of Sif Muna.
    73 | D        | Found a bloodstained altar of Trog.
    74 | D        | Found a hide-covered altar of Uskayaw.
    75 | D        | Found a radiant altar of Vehumet.
    76 | D        | Found an ornate altar of the Wu Jian Council.
    77 | D        | Found a shimmering altar of Xom.
    78 | D        | Found a basalt altar of Yredelemnul.
    79 | D        | Found a glowing silver altar of Zin.
    80 | D        | Found a glowing golden altar of the Shining One.
    88 | D        | Became a worshipper of the Shining One
   257 | D        | Noticed a hungry ghost
   257 | D        | Reached * piety under the Shining One
   263 | D        | Reached skill level 9 in Maces & Flails
   263 | D        | Reached XP level 5. HP: 54/54 MP: 5/5
   271 | D        | Reached skill level 10 in Maces & Flails
   280 | D        | Killed a hungry ghost
   280 | D        | Reached skill level 11 in Maces & Flails
   280 | D        | Reached XP level 6. HP: 62/62 MP: 6/6
   294 | D        | Noticed a necrophage
   294 | D        | Reached ** piety under the Shining One
   294 | D        | Noticed a yak
   294 | D        | Noticed a yak
   294 | D        | Reached *** piety under the Shining One
   298 | D        | Killed a yak
   298 | D        | Reached skill level 13 in Maces & Flails
   298 | D        | Reached XP level 7. HP: 70/70 MP: 7/7
   301 | D        | Reached skill level 1 in Armour
   311 | D        | Killed a yak
   318 | D        | Reached skill level 14 in Maces & Flails
   418 | D        | Got the +0 robe of Misanthropy {Str+4}
   442 | D        | Noticed a spiny frog
   442 | D        | Reached **** piety under the Shining One
   442 | D        | Noticed a hippogriff
   442 | D        | Noticed a yak
   442 | D        | Noticed a spiny frog
   444 | D        | Noticed a yak
   452 | D        | Killed a spiny frog
   452 | D        | Reached XP level 8. HP: 27/78 MP: 8/8
   461 | D        | Killed a yak
   461 | D        | Reached skill level 15 in Maces & Flails
   467 | D        | Noticed a wyvern
   469 | D        | Killed a hippogriff
   469 | D        | Reached skill level 5 in Dodging
   473 | D        | Killed a spiny frog
   473 | D        | Reached XP level 9. HP: 55/84 MP: 9/9
   479 | D        | Reached skill level 16 in Maces & Flails
   509 | D        | Reached ***** piety under the Shining One
   509 | D        | Noticed a komodo dragon
   509 | D        | Noticed a spiny frog
   514 | D        | Noticed a polar bear
   517 | D        | Killed a spiny frog
   517 | D        | Reached skill level 5 in Fighting
   530 | D        | Killed a komodo dragon
   548 | D        | Killed a polar bear
   548 | D        | Reached skill level 17 in Maces & Flails
   548 | D        | Reached XP level 10. HP: 29/100 MP: 11/13
   714 | D        | Noticed a spiny frog
   714 | D        | Reached ****** piety under the Shining One
   719 | D        | Noticed a spiny frog
   744 | D        | Reached skill level 5 in Invocations
   813 | D        | Killed a spiny frog
   833 | D        | Killed a spiny frog
   892 | D        | Noticed Joseph
   907 | D        | Killed Joseph
   965 | D        | Noticed Urug
   989 | D        | Killed Urug
   989 | D        | Reached skill level 18 in Maces & Flails
  1338 | D        | Noticed an orange demon
  1340 | D        | Noticed an orc sorcerer
  1345 | D        | Killed an orc sorcerer
  1380 | D        | Noticed an orc knight
  1380 | D        | Noticed an orc sorcerer
  1380 | D        | Noticed a stone giant
  1390 | D        | Killed a stone giant
  1392 | D        | Killed an orc sorcerer
  1400 | D        | Killed an orc knight
  1400 | D        | Reached XP level 11. HP: 62/110 MP: 17/17
  1407 | D        | Noticed an orc knight
  1413 | D        | Killed an orc knight
  1420 | D        | Reached skill level 19 in Maces & Flails
  1465 | D        | Found Eseok's Assorted Antiques.
  1465 | D        | Noticed an orc high priest
  1465 | D        | Noticed an orc high priest
  1466 | D        | Noticed an orc high priest
  1473 | D        | Killed an orc high priest
  1478 | D        | Killed an orc high priest
  1478 | D        | Reached skill level 10 in Invocations
  1483 | D        | Killed an orc high priest
  1488 | D        | Found Midetofu's Magic Scroll Shop.
  1496 | D        | Found Giej's Food Boutique.
  1500 | D        | Noticed an orc high priest
  1502 | D        | Found Wiucex's General Store.
  1507 | D        | Killed an orc high priest
  1511 | D        | Noticed an orc high priest
  1515 | D        | Killed an orc high priest
  1516 | D        | Noticed an orc high priest
  1522 | D        | Killed an orc high priest
  1522 | D        | Reached skill level 5 in Shields
  1526 | D        | Bought a yellow potion for 18 gold pieces
  1526 | D        | Bought a yellow potion for 18 gold pieces
  1526 | D        | Bought a scroll of fear for 70 gold pieces
  1529 | D        | Bought a scroll of immolation for 49 gold pieces
  1529 | D        | Bought a scroll of identify for 28 gold pieces
  1529 | D        | Bought a scroll of identify for 28 gold pieces
  1529 | D        | Bought a scroll of identify for 28 gold pieces
  1724 | D        | Bought a scroll of blinking for 105 gold pieces
  1726 | D        | Bought a scroll labeled GEAPPY ATHRE for 20 gold pieces
  1726 | D        | Bought a shiny sapphire ring for 100 gold pieces
  1726 | D        | Bought a granite ring for 100 gold pieces
  1769 | D        | Noticed Psyche
  1775 | D        | Killed Psyche
  1870 | D        | Got the cursed +0 mace of Greed {elec, *Drain rN+ Str+7 SInv}
  2001 | D        | Noticed an ogre mage
  2001 | D        | Noticed a two-headed ogre
  2011 | D        | Killed an ogre mage
  2013 | D        | Noticed a two-headed ogre
  2017 | D        | Killed a two-headed ogre
  2020 | D        | Noticed an ettin
  2021 | D        | Noticed a fire dragon
  2023 | D        | Noticed a stone giant
  2025 | D        | Killed a two-headed ogre
  2025 | D        | Reached skill level 20 in Maces & Flails
  2027 | D        | Noticed a wizard
  2032 | D        | Killed an ettin
  2040 | D        | Killed a fire dragon
  2051 | D        | Killed a stone giant
  2051 | D        | Reached skill level 5 in Armour
  2058 | D        | Killed a wizard
  2076 | D        | Noticed a glowing orange brain
  2089 | D        | Killed a glowing orange brain
  2130 | D        | Noticed Nessos
  2143 | D        | Killed Nessos
  2143 | D        | Reached XP level 12. HP: 49/126 MP: 19/19
  2318 | D        | Noticed a six-headed hydra
  2324 | D        | Noticed an alligator
  2329 | D        | Killed a six-headed hydra
  2329 | D        | Reached skill level 10 in Fighting
  2340 | D        | Killed an alligator
  2357 | D        | Noticed an emperor scorpion
  2372 | D        | Killed an emperor scorpion
  2390 | D        | Reached skill level 10 in Dodging
  2410 | D        | Noticed a nagaraja
  2410 | D        | Noticed an anaconda
  2423 | D        | Killed an anaconda
  2427 | D        | Killed a nagaraja
  2427 | D        | Reached skill level 21 in Maces & Flails
  2645 | D        | Noticed a merfolk javelineer
  2653 | D        | Killed a merfolk javelineer
  2673 | D        | Noticed a merfolk impaler
  2679 | D        | Killed a merfolk impaler
  2715 | D        | Noticed Erica
  2724 | D        | Killed Erica
  2748 | D        | Noticed Grum
  2757 | D        | Killed Grum
  2818 | D        | Noticed a shadow dragon
  2818 | D        | Noticed an ice dragon
  2818 | D        | Noticed a frost giant
  2818 | D        | Noticed an ogre mage
  2818 | D        | Noticed an ettin
  2822 | D        | Noticed a spriggan berserker
  2827 | D        | Killed an ettin
  2827 | D        | Reached XP level 13. HP: 60/144 MP: 20/20
  2827 | D        | The Shining One protects you from harm!
  2857 | D        | Killed a frost giant
  2881 | D        | Killed a shadow dragon
  2916 | D        | Killed an ice dragon
  2928 | D        | Reached skill level 22 in Maces & Flails
  2931 | D        | Noticed an ice dragon
  2938 | D        | Killed an ice dragon
  2983 | D        | Noticed a stone giant
  2986 | D        | Hit by a large rock thrown by a stone giant

Vault maps used:
D:        linesprint

Skill      XL: |  1  2  3  4  5  6  7  8  9 10 11 12 13 |
---------------+----------------------------------------+-----
Maces & Flails | 6 7 9 11 13 14 15 17 18 20 21 22 | 22.0
Armour         | 3 5 6 7 |  7.2
Dodging        | 4 6 8 9 11 | 11.8
Fighting       | 6 7 9 13 | 13.8
Invocations    | 4 9 10 | 10.3
Shields        | 6 9 |  9.0

Action                   |  1- 3 |  4- 6 |  7- 9 | 10-12 | 13-15 || total
-------------------------+-------+-------+-------+-------+-------++-------
Melee: Flail             |    25 |     6 |       |       |       ||    31
       Morningstar       |       |    27 |    88 |    33 |       ||   148
       Eveningstar       |       |       |       |    22 |       ||    22
       Mace              |       |       |       |    51 |     2 ||    53
Invok: Summon Divine War |       |       |       |    10 |     4 ||    14
       Cleansing Flame   |       |       |       |     1 |       ||     1
Evoke: Wand              |       |       |     2 |       |       ||     2
  Use: Potion            |     1 |       |     7 |     6 |     2 ||    16
       Scroll            |       |       |     1 |     4 |     5 ||    10
  Eat: Chunk             |       |     2 |     1 |     9 |     2 ||    14
Armor: Robe              |     5 |    12 |    20 |     1 |       ||    38
       Fire dragon scale |       |       |       |    20 |     1 ||    21
Dodge: Dodged            |     8 |     7 |    21 |    25 |       ||    61
Block: Shield            |     9 |     6 |    20 |    28 |       ||    63

Table legend:
 A = Spawn XP
 B = Non-spawn XP
 C = Spawn XP percentage of total XP
 D = Spawn monster count
 E = Non-spawn monster count
 F = Spawn count percentage of total count
 G = Total turns spent on level
                    A         B        C        D         E        F      G
               +---------+---------+-------+---------+---------+-------+---------
         Total |       0 |   37016 |   0.0 |       0 |     156 |   0.0 |  2986
               +---------+---------+-------+---------+---------+-------+---------
             D |       0 |   37016 |   0.0 |       0 |     156 |   0.0 |  2986
               +---------+---------+-------+---------+---------+-------+---------
